 Dungeon Crawl Stone Soup version 0.27-a0-604-g29a88b33a7 (webtiles) character file.

Game seed: 8377590178835863312

212755 Leibowitz the Executioner (level 18, -1/184 HPs)
             Began as a Minotaur Fighter on Mar 7, 2021.
             Was the Champion of Okawaru.
             Killed from afar by a wretched star (15 damage)
             ... with a lance of force
             ... on level 3 of the Abyss on Mar 12, 2021.
             The game lasted 01:41:53 (42271 turns).

Leibowitz the Executioner (Minotaur Fighter)       Turns: 42271, Time: 01:41:54

Health: -1/184     AC: 30    Str: 40    XL:     18   Next: 63%
Magic:  14/14      EV: 11    Int:  1    God:    Okawaru [******]
Gold:   2256       SH:  0    Dex: 14    Spells: 17/17 levels left

rFire    x . .     SeeInvis .   J - +5 executioner's axe of Desperation {holy, rC+ Dex+3}
rCold    + . .     Faith    +   (shield currently unavailable)
rNeg     . . .     Spirit   .   O - +9 plate armour "Kiaseat" {rElec rF- rCorr Stlth+}
rPois    .         Reflect  .   b - +2 hat
rElec    +         Harm     .   t - +1 cloak
rCorr    +         Rampage  +   m - +0 pair of gloves
Will     +....                  S - +0 pair of boots {rampage}
Stlth    ..........             E - amulet of faith
HPRegen  0.00/turn              w - +6 ring of strength
MPRegen  0.14/turn              P - +6 ring of strength

@: no status effects
A: horns 2, deformed body, dopey 2, low mp 2, inhibited regeneration,
retaliatory headbutt
a: Renounce Religion, Heroism, Finesse


You were on level 3 of the Abyss.
You worshipped Okawaru.
Okawaru was exalted by your worship.
You visited 9 branches of the dungeon, and saw 36 of its levels.
You visited the Abyss 2 times.
You also visited: Gauntlet and Ice Cave.

You collected 3080 gold pieces.
You spent 824 gold pieces at shops.

Inventory:

Hand Weapons
 a - a +3 vorpal broad axe
 c - the +7 scimitar of Dissatisfaction {freeze, rPois rC++ Str+4 Int-4}
   (You found it on level 1 of the Shoals)

   It has been specially enchanted to freeze those struck by it, causing extra
   injury to most foes and up to half again as much damage against particularly
   susceptible opponents.
   It can also slow down cold-blooded creatures.
   It affects your strength (+4).
   It affects your intelligence (-4).
   It greatly protects you from cold.
   It protects you from poison.
 A - the +8 trident of the Octopus King {venom, rElec rPois Will+}
   (You took it off a minotaur in a Gauntlet)

   It poisons the flesh of those it strikes.
   It insulates you from electricity.
   It protects you from poison.
   It affects your willpower, your defense against some magical effects.
 J - the +5 executioner's axe of Desperation (weapon) {holy, rC+ Dex+3}
   (Okawaru gifted it to you on level 1 of the Elven Halls)

   It has been blessed by the Shining One to cause great damage to the undead
   and demons.
   It affects your dexterity (+3).
   It protects you from cold.
 R - a +4 battleaxe of flaming
Missiles
 F - 18 atropa-tipped darts (quivered)
 G - 27 curare-tipped darts
 N - a throwing net
Armour
 b - a +2 hat (worn)
 m - a +0 pair of gloves (worn)
 t - a +1 cloak (worn)
 M - a +0 crystal plate armour
 O - the +9 plate armour "Kiaseat" (worn) {rElec rF- rCorr Stlth+}
   (Okawaru gifted it to you on level 2 of the Lair of Beasts)

   It makes you vulnerable to fire.
   It insulates you from electricity.
   It provides partial protection from all sources of acid and corrosion.
   It makes you more stealthy.
 S - a +0 pair of boots of rampaging (worn)
Jewellery
 e - a ring of resist corrosion
 p - an amulet of reflection
 w - a +6 ring of strength (right hand)
 y - a ring of flight
 E - an amulet of faith (around neck)
 P - a +6 ring of strength (left hand)
 Q - a ring of poison resistance
 U - a +4 ring of protection
 Y - a ring of see invisible
Wands
 n - a wand of mindburst (13)
 x - a wand of paralysis (26)
 D - a wand of charming (11)
 I - a wand of digging (12)
 K - a wand of flame (64)
 W - a wand of polymorph (9)
 X - a wand of acid (12)
Scrolls
 f - 18 scrolls of identify
 h - 12 scrolls of magic mapping
 j - 4 scrolls of enchant armour
 l - 6 scrolls of enchant weapon
 o - 18 scrolls of teleportation
 q - 5 scrolls of fog
 r - 3 scrolls of fear
 s - 4 scrolls of amnesia
Potions
 d - 6 potions of might
 g - 5 potions of flight
 i - 6 potions of haste
 k - 12 potions of curing
 v - 3 potions of berserk rage
 z - a potion of attraction
 B - 6 potions of ambrosia
 C - 6 potions of lignification
 H - 3 potions of brilliance
 L - 2 potions of resistance
 T - 4 potions of invisibility


   Skills:
 + Level 22.0 Fighting
 + Level 5.2 Long Blades
 + Level 23.4(24.0) Axes
 + Level 10.9(18.6) Polearms
 + Level 0.2 Throwing
 + Level 18.3 Armour
 + Level 4.7 Dodging
 + Level 3.6 Stealth
 + Level 5.6 Shields
 + Level 2.0 Invocations
 + Level 0.1 Evocations


You had 17 spell levels left.
You didn't know any spells.
Your spell library contained the following spells:

 Spells                   Type           Power      Damage    Failure   Level
 Animate Skeleton         Necr           0%         N/A       91%         1
 Apportation              Tloc           0%         N/A       91%         1
 Corona                   Hex            0%         N/A       91%         1
 Freeze                   Ice            0%         1d3       91%         1
 Pain                     Necr           0%         1d4       91%         1
 Sandblast                Erth           0%         2d4       91%         1
 Sting                    Tmut/Pois      0%         1d3       91%         1
 Summon Small Mammal      Summ           0%         N/A       91%         1
 Ensorcelled Hibernation  Hex/Ice        0%         N/A       97%         2
 Passwall                 Tmut/Erth      0%         N/A       97%         2
 Confusing Touch          Hex            0%         N/A       100%        3
 Dazzling Flash           Conj/Hex       0%         N/A       100%        3
 Frozen Ramparts          Ice            0%         1d2       100%        3
 Ozocubu's Armour         Ice            0%         N/A       100%        3
 Static Discharge         Conj/Air       0%         N/A       100%        3
 Stone Arrow              Conj/Erth      0%         3d7       100%        3
 Tukima's Dance           Hex            0%         N/A       100%        3
 Vampiric Draining        Necr           0%         2d6       100%        3
 Animate Dead             Necr           0%         N/A       100%        4
 Cause Fear               Hex            0%         N/A       100%        4
 Hailstorm                Conj/Ice       0%         3d3       100%        4
 Petrify                  Tmut/Erth      0%         N/A       100%        4
 Summon Ice Beast         Ice/Summ       0%         N/A       100%        4
 Summon Lightning Spire   Summ/Air       0%         N/A       100%        4
 Agony                    Necr           0%         N/A       100%        5
 Blade Hands              Tmut           0%         N/A       100%        5
 Irradiate                Conj/Tmut      0%         3d13      100%        5
 Lee's Rapid Deconstruct  Erth           0%         3d5*      100%        5
 Lightning Bolt           Conj/Air       0%         1d11      100%        5
 Silence                  Hex/Air        0%         N/A       100%        5
 Yara's Violent Unravell  Hex/Tmut       0%         3d3       100%        5
 Conjure Ball Lightning   Conj/Air       0%         3x3d6     100%        6
 Eringya's Noxious Bog    Tmut/Pois      0%         N/A       100%        6
 Spellforged Servitor     Conj/Summ      0%         N/A       100%        7
 Summon Hydra             Summ           0%         N/A       100%        7
 Discord                  Hex            0%         N/A       100%        8
 Ignition                 Fire           0%         3d3       100%        8
 Shatter                  Erth           0%         3d5*      100%        9
 Tornado                  Air            0%         N/A       100%        9


Dungeon Overview and Level Annotations

Branches:
Dungeon (15/15)            Temple (1/1) D:5            Lair (6/6) D:10
 Shoals (3/4) Lair:4       Spider (1/4) Lair:3        Slime (4/5) Lair:5
    Orc (2/2) D:11            Elf (3/3) Orc:2        Vaults (0/5) D:13
 Depths (1/5) D:15          IceCv (visited)         Gauntlet (visited)

Altars:
Ashenzari
Cheibriados
Dithmenos
Elyvilon
Fedhas
Gozag
Hepliaklqana
Kikubaaqudgha
Makhleb
Nemelex Xobeh
Okawaru
Qazlal
Ru
Sif Muna
Trog
Uskayaw
Vehumet
Wu Jian
Xom
Yredelemnul
Zin
The Shining One
Beogh
Jiyva

Shops:
D:4 =   D:5 :   D:11 *   Orc:1 [   Orc:2 [(:=(*(?   Elf:3 *=

Portals:
Hell: Depths:1

Annotations:
D:6 2 runed translucent doors, mishael's ghost, amateur DrFE
Shoals:3 Ilsuiw


Innate Abilities, Weirdness & Mutations

You have a pair of horns on your head.
You reflexively headbutt those who attack you in melee.
Armour fits poorly on your strangely shaped body.
You are very dopey. (Int -4)
Your magical capacity is very low. (-20% MP)
You do not regenerate when monsters are visible.


Message History

The wretched star glows turbulently.
The lance of force hits you!!
* * * LOW HITPOINT WARNING * * *
You are knocked back by the lance of force.
A smoke demon comes into view.
Okay, then.
You feel much better.
The wretched star is engulfed in blazing flames.
The efreet gestures at you.
The fireball explodes!
The fireball engulfs you! The fire burns you terribly!
* * * LOW HITPOINT WARNING * * *
The wretched star is engulfed in blazing flames.
You hear a shout!
The efreet barely misses you.
You slice the efreet like a ripe choko!!!
You kill the efreet!
Okawaru accepts your kill.
You hit the wretched star but do no damage.
The smoke demon gestures at you. Something smites you!
* * * LOW HITPOINT WARNING * * *
You slice the wretched star!! You headbutt the wretched star!
The wretched star is severely damaged.
You closely miss the wretched star. Your headbutt misses the wretched star.
The wretched star is severely damaged.
You closely miss the wretched star. Your headbutt misses the wretched star.
The wretched star is severely damaged.
You barely miss the wretched star.
You headbutt the wretched star, but do no damage.
The wretched star is severely damaged.
You barely miss the wretched star.
The wretched star is severely damaged.
You barely miss the smoke demon. The smoke demon closely misses you.
You furiously retaliate!
You headbutt the smoke demon.
The smoke demon hits you but does no damage.
The smoke demon barely misses you.
An apocalypse crab comes into view.
The wretched star glows turbulently.
The lance of force hits you!
You die...

... ... ..... ....
........ ..t #. .
..... .... #
...###...###...#
#.....#.....#.....#.
.................. .
. ..................
.........3....... .
#.....#...@.#.....#
.. ## ..###.*)###
..## .. #....
#.....#. . .#... ...
........○.... ...
......?.............
. ..
...................
...#.....#.....# #
..###...###... #
..#.....# . ..#..


You could see a wretched star, an apocalypse crab (wandering) and a smoke demon.

Vanquished Creatures
  A bone dragon (Abyss:3)
  A hellephant (Abyss:3)
  Jorgrun (Orc:2)
  A deep elf blademaster (Elf:3)
  A tentacled starspawn (Abyss:3)
  An acid blob (Slime:1)
  Agnes (D:14)
  Frances (Shoals:2)
  An azure jelly (Slime:2)
  3 deep elf sorcerers
  A deep elf elementalist (Elf:3)
  3 very ugly things (Abyss:3)
  The ghost of Ovappudopn the Basher, a journeyman MiFi of Ashenzari (D:15)
  A black draconian (Abyss:3)
  3 deep elf annihilators
  6 deep elf demonologists
  2 entropy weavers
  A dire elephant (Abyss:3)
  A minotaur (Gauntlet)
  Azrael (D:13)
  The ghost of Ryshrush the Cleaver, a journeyman MiBe of Trog (Lair:2)
  4 merfolk javelineers
  A deep elf death mage (Elf:3)
  A fire dragon (Lair:6)
  2 deep elf high priests
  A merfolk impaler (Shoals:1)
  Josephine (Lair:5)
  A great orb of eyes (Depths:1)
  2 rakshasas
  10 hydras
  4 vault guards (D:13)
  2 boulder beetles
  A catoblepas (Lair:5)
  An ogre mage (D:15)
  Erica (D:8)
  29 dancing weapons
  A merfolk aquamancer (Shoals:2)
  9 two-headed ogres
  3 death yaks (Lair:5)
  2 thrashing horrors
  7 orc high priests
  Urug (Lair:3)
  Nergalle (D:11)
  Sonja (Lair:5)
  2 wretched stars (Abyss:3)
  22 deep elf knights
  A hell knight (D:15)
  A spectral death yak (Lair:2)
  2 unseen horrors
  8 sea snakes
  A swamp dragon (shapeshifter) (D:13)
  A lindwurm (Lair:6)
  2 orc knights (Orc:1)
  A swamp dragon (Lair:6)
  A wolf spider zombie (D:14)
  15 deep elf archers
  23 deep elf zephyrmancers
  25 deep elf pyromancers
  3 orc sorcerers
  9 ugly things
  6 manticores
  An orb spider (Spider:1)
  2 oklob plants
  3 shining eyes (Slime:2)
  3 worldbinders (Abyss:3)
  5 wolf spiders
  7 fauns
  3 cyclopes
  A merfolk siren (Shoals:1)
  An apocalypse crab (Abyss:3)
  11 black mambas
  6 large abominations (Abyss:3)
  Maurice (D:9)
  2 smoke demons (Abyss:3)
  A guardian serpent (Lair:6)
  2 water nymphs (Shoals:3)
  Joseph (D:8)
  5 spectral swamp worms (Depths:1)
  19 cane toads
  3 torpor snails
  An orange demon (Abyss:3)
  2 kobold demonologists
  2 komodo dragons
  Maggie (D:8)
  Psyche (D:10)
  4 yaktaurs (D:15)
  3 efreet
  2 demonic crawlers
  A tengu conjurer (Depths:1)
  2 hellwings (Abyss:3)
  A hydra zombie (Abyss:3)
  2 polar bears
  5 rime drakes
  A wind drake (Shoals:2)
  11 jumping spiders
  A jumping spider (shapeshifter) (D:13)
  An ancient zyme (Abyss:3)
  2 trolls
  8 merfolk
  3 meliai (Lair:5)
  5 hornets
  A queen bee (Lair:5)
  3 snapping turtles
  12 blink frogs
  11 raiju (Abyss:3)
  A spectral dream sheep (Lair:2)
  18 dream sheep
  34 slime creatures
  18 wyverns
  A redback (shapeshifter) (D:15)
  A shadow (D:13)
  6 tarantellas
  A centaur simulacrum (D:15)
  7 air elementals
  10 water elementals
  5 wraiths
  A spectral komodo dragon (Lair:2)
  38 yaks
  A basilisk (Lair:6)
  7 fire elementals
  20 redbacks
  A ynoxinul (Abyss:3)
  A steam dragon (Lair:6)
  A catoblepas simulacrum (Lair:2)
  7 wargs
  3 vampire mosquitoes
  3 soldier ants
  3 acid dragons
  A hydra simulacrum (Lair:2)
  17 small abominations
  21 water moccasins
  3 hell hounds
  2 swamp drakes (Lair:6)
  20 orc warriors
  A black mamba simulacrum (Lair:2)
  3 eyes of draining
  11 ice beasts
  3 black bears
  4 sky beasts
  A necrophage (D:8)
  9 wolves (Lair:6)
  17 centaurs
  10 ogres
  A phantom (D:14)
  3 kobold brigands
  13 bullfrogs
  2 gnoll sergeants
  5 earth elementals (Elf:2)
  4 scorpions
  A water moccasin skeleton (D:8)
  33 killer bees
  15 wights
  3 electric eels
  2 bullfrog zombies
  A torpor snail simulacrum (Lair:2)
  2 quasits
  9 hounds
  5 jellies
  41 orc priests
  7 centaur skeletons
  An iron imp (Abyss:3)
  2 bullfrog skeletons
  A gnoll shaman (Orc:2)
  7 iguanas
  25 orc wizards
  6 worker ants
  A killer bee zombie (D:7)
  A hound zombie (D:8)
  A mummy (D:6)
  A hound skeleton (D:9)
  2 worker ant zombies
  12 adders
  11 gnolls
  A shadow imp (D:9)
  17 white imps
  2 ufetubi
  2 adder zombies
  An adder skeleton (D:4)
  2 worms
  4 dart slugs
  4 leopard geckos
  133 orcs
  A ball python (D:3)
  6 bats
  4 giant cockroaches
  7 goblins
  7 hobgoblins
  13 jackals
  9 quokkas
  7 frilled lizards
  20 kobolds
  3 kobold zombies (D:6)
  A leopard gecko skeleton (D:7)
  An orc zombie (D:6)
  3 rats (D:1)
  A bush (Lair:1)
  A lurking horror (Abyss:3)
  2 plants (Lair:2)
  A starspawn tentacle (Abyss:3)
1187 creatures vanquished.

Vanquished Creatures (others)
  A deep elf zephyrmancer (Elf:1)
  A redback (Spider:1)
  An orc wizard (D:10)
  52 fungi
  140 plants
  2 starspawn tentacles (Abyss:3)
  A toadstool (Depths:1)
  A withered plant (D:8)
199 creatures vanquished.

Grand Total: 1386 creatures vanquished

Notes
Turn   | Place    | Note
-------+----------+-------------------------------------------
     0 | D:1      | Leibowitz the Minotaur Fighter began the quest for the Orb.
     0 | D:1      | Reached XP level 1. HP: 19/19 MP: 0/0
    96 | D:1      | Reached XP level 2. HP: 27/27 MP: 1/1
   352 | D:1      | Reached skill level 3 in Axes
   362 | D:1      | Reached XP level 3. HP: 28/33 MP: 2/2
   925 | D:2      | Found a bloodstained altar of Trog.
  1441 | D:3      | Reached XP level 4. HP: 40/40 MP: 3/3
  1730 | D:3      | Found a stormy altar of Qazlal.
  1732 | D:3      | Noticed a fire elemental
  1732 | D:3      | Noticed an earth elemental
  1733 | D:3      | Noticed a water elemental
  1733 | D:3      | Noticed an air elemental
  2051 | D:4      | Reached skill level 4 in Axes
  2077 | D:4      | Found Ihuraen's Jewellery Shop.
  2085 | D:4      | Reached XP level 5. HP: 38/47 MP: 4/4
  2183 | D:4      | Reached skill level 1 in Dodging
  2261 | D:4      | Reached skill level 5 in Fighting
  2447 | D:4      | Reached skill level 5 in Axes
  2584 | D:4      | Reached XP level 6. HP: 56/56 MP: 5/5
  2701 | D:5      | Entered Level 5 of the Dungeon
  2785 | D:5      | You fall into a shaft and drop 3 floors!
  2829 | D:7      | Noticed an ice beast
  2836 | D:7      | Killed an ice beast
  2851 | D:7      | Reached skill level 6 in Axes
  2882 | D:7      | Noticed a sky beast
  2886 | D:7      | Killed a sky beast
  2887 | D:7      | Reached skill level 5 in Armour
  2887 | D:7      | Reached XP level 7. HP: 61/61 MP: 6/6
  3068 | D:5      | Found a burning altar of Makhleb.
  3097 | D:5      | Reached skill level 7 in Axes
  3112 | D:5      | Found a staircase to the Ecumenical Temple.
  3341 | Temple   | Entered the Ecumenical Temple
  3392 | Temple   | Became a worshipper of Warmaster Okawaru
  3450 | D:5      | Found Cyotobem's Book Emporium.
  3668 | D:6      | Found a large runed translucent door.
  3669 | D:6      | Found a large runed translucent door.
  3677 | D:6      | Noticed mishael's ghost (amateur DrFE)
  3707 | D:6      | Reached skill level 1 in Stealth
  3835 | D:6      | Reached skill level 8 in Axes
  3835 | D:6      | Reached XP level 8. HP: 54/70 MP: 7/7
  4470 | D:6      | Reached * piety under Okawaru
  4766 | D:7      | Reached skill level 9 in Axes
  4779 | D:7      | Reached skill level 5 in Shields
  6001 | D:8      | Reached skill level 10 in Axes
  6061 | D:8      | Noticed Erica
  6176 | D:8      | Found a basalt altar of Yredelemnul.
  6211 | D:8      | Reached ** piety under Okawaru
  6215 | D:8      | Reached XP level 9. HP: 74/79 MP: 8/8
  6267 | D:8      | Noticed Maggie
  6280 | D:8      | Killed Maggie
  6281 | D:8      | Reached skill level 11 in Axes
  6600 | D:8      | Noticed Joseph
  6621 | D:8      | Killed Joseph
  6621 | D:8      | Reached *** piety under Okawaru
  6770 | D:8      | Killed Erica
  6771 | D:8      | Reached skill level 12 in Axes
  7221 | D:9      | Reached XP level 10. HP: 84/84 MP: 9/9
  7226 | D:9      | Reached **** piety under Okawaru
  7418 | D:9      | Noticed a two-headed ogre
  7422 | D:9      | Killed a two-headed ogre
  7626 | D:9      | Reached skill level 13 in Axes
  7639 | D:9      | Noticed Maurice
  7666 | D:9      | Killed Maurice
  7666 | D:9      | Reached ***** piety under Okawaru
  8398 | D:10     | Entered Level 10 of the Dungeon
  8399 | D:10     | Noticed Psyche
  8403 | D:10     | Killed Psyche
  8691 | D:10     | Found a staircase to the Lair.
  8791 | D:10     | Reached skill level 14 in Axes
  8807 | D:10     | Received a gift from Okawaru
  8846 | D:10     | Reached XP level 11. HP: 97/99 MP: 10/10
  9077 | Lair:1   | Entered Level 1 of the Lair of Beasts
  9168 | Lair:1   | Reached skill level 10 in Fighting
  9360 | D:11     | Noticed a purple ugly thing
  9376 | D:11     | Killed a purple ugly thing
  9521 | D:11     | Noticed a two-headed ogre
  9537 | D:11     | Killed a two-headed ogre
  9537 | D:11     | Received a gift from Okawaru
  9574 | D:11     | Found a staircase to the Orcish Mines.
  9661 | D:11     | Found Gialacu's Assorted Antiques.
  9670 | D:11     | Bought a scroll labelled NIAFUAZOMU for 36 gold pieces
  9670 | D:11     | Bought a scroll labelled TEIHAETEDU for 36 gold pieces
  9670 | D:11     | Bought a scroll labelled JIEZYO JICUCK for 36 gold pieces
  9670 | D:11     | Bought a scroll labelled NIAFUAZOMU for 36 gold pieces
  9789 | D:11     | Reached skill level 15 in Axes
  9794 | D:11     | Reached skill level 10 in Armour
  9839 | D:11     | Killed an unseen horror
 10096 | D:11     | Noticed Nergalle
 10104 | D:11     | Killed Nergalle
 10104 | D:11     | Reached ****** piety under Okawaru
 10407 | D:12     | Noticed a two-headed ogre
 10414 | D:12     | Killed a two-headed ogre
 10588 | D:12     | Reached skill level 16 in Axes
 10868 | D:13     | Noticed a two-headed ogre
 10870 | D:13     | Received a gift from Okawaru
 10873 | D:13     | Killed a two-headed ogre
 10874 | D:13     | Reached XP level 12. HP: 47/110 MP: 11/11
 11059 | D:13     | Noticed Azrael
 11148 | Orc:1    | Entered Level 1 of the Orcish Mines
 11225 | Orc:1    | Reached skill level 17 in Axes
 11322 | Orc:1    | Found a frozen archway.
 11348 | IceCv    | Entered an ice cave
 11556 | Orc:1    | Found Vorelyra's Armour Shop.
 11809 | Orc:1    | Noticed an orc high priest
 11829 | Orc:1    | Killed an orc high priest
 12158 | Orc:2    | Entered Level 2 of the Orcish Mines
 12164 | Orc:2    | Found a staircase to the Elven Halls.
 12185 | Orc:2    | Upgraded the game from 0.27-a0-543-gd81048afd2 to
                  | 0.27-a0-585-g945025970d
 12428 | Orc:2    | Reached skill level 18 in Axes
 12458 | Orc:2    | Found Mewatog's Antique Weapon Emporium.
 12464 | Orc:2    | Received a gift from Okawaru
 12508 | Orc:2    | Noticed an orc high priest
 12511 | Orc:2    | Found Huloc's Weapon Shop.
 12518 | Orc:2    | Killed an orc high priest
 12530 | Orc:2    | Found Mekajinu's General Store.
 12546 | Orc:2    | Noticed an orc high priest
 12549 | Orc:2    | Noticed an orc high priest
 12555 | Orc:2    | Noticed Jorgrun
 12566 | Orc:2    | Killed an orc high priest
 12568 | Orc:2    | Killed Jorgrun
 12569 | Orc:2    | Reached XP level 13. HP: 88/119 MP: 9/12
 12586 | Orc:2    | Reached skill level 1 in Invocations
 12656 | Orc:2    | Found Bupnyoq's Jewellery Shop.
 12656 | Orc:2    | Found Jaurousi's Book Emporium.
 12662 | Orc:2    | Bought an amulet of faith for 680 gold pieces
 12745 | Orc:2    | Found Ywkegef's Weapon Emporium.
 13035 | Orc:2    | Found Wibob's Magic Scroll Shop.
 13355 | Orc:2    | Found a burning altar of Makhleb.
 13466 | Orc:2    | Found Uduynwao's Armour Boutique.
 15079 | Lair:2   | Found a runed translucent gate.
 15079 | Lair:2   | Found a runed translucent gate.
 15079 | Lair:2   | Found a runed translucent gate.
 15079 | Lair:2   | Noticed Ryshrush's ghost (journeyman MiBe)
 15094 | Lair:2   | Received a gift from Okawaru
 15110 | Lair:2   | Killed Ryshrush's ghost
 15110 | Lair:2   | Identified the +9 plate armour "Kiaseat" {rElec rF- rCorr
                  | Stlth+} (Okawaru gifted it to you on level 2 of the Lair of
                  | Beasts)
 15110 | Lair:2   | Received a gift from Okawaru
 15387 | Lair:2   | Found a shimmering altar of Xom.
 15710 | Lair:2   | Reached skill level 1 in Long Blades
 16215 | Lair:2   | Found a blossoming altar of Fedhas.
 16933 | Lair:1   | Identified the +1 robe of Beyond {*Corrode Int+7}
 17045 | Lair:3   | You fall into a shaft and drop 3 floors!
 17045 | Lair:6   | Entered Level 6 of the Lair of Beasts
 17225 | Lair:6   | Reached skill level 19 in Axes
 17709 | Lair:6   | Reached XP level 14. HP: 133/133 MP: 13/13
 17741 | Lair:6   | Received a gift from Okawaru
 18927 | Lair:6   | Received a gift from Okawaru
 19587 | Lair:6   | Reached skill level 15 in Fighting
 19919 | Lair:5   | Noticed Sonja
 19938 | Lair:5   | Killed Sonja
 19953 | Lair:5   | Found a gate leading to a gauntlet.
 19974 | Gauntlet | Entered a Gauntlet
 19974 | Gauntlet | Found a transporter.
 19974 | Gauntlet | Found a transporter.
 19974 | Gauntlet | Found a runed translucent door.
 19976 | Gauntlet | Found a runed translucent door.
 19983 | Gauntlet | Found a transporter.
 20010 | Gauntlet | Found a transporter.
 20010 | Gauntlet | Found a transporter.
 20020 | Gauntlet | Found a transporter.
 20096 | Gauntlet | Found a transporter.
 20096 | Gauntlet | Found a transporter.
 20113 | Gauntlet | Found a transporter.
 20119 | Gauntlet | Found a runed translucent gate.
 20119 | Gauntlet | Found a runed translucent gate.
 20119 | Gauntlet | Found a runed translucent gate.
 20122 | Gauntlet | Found a transporter.
 20155 | Gauntlet | Found a transporter.
 20155 | Gauntlet | Found a transporter.
 20161 | Gauntlet | Received a gift from Okawaru
 20250 | Gauntlet | Identified the Grimoire of Shape Shifting
 20548 | Lair:5   | Found a viscous altar of Jiyva.
 20549 | Lair:5   | Found a staircase to the Slime Pits.
 21234 | Lair:4   | Found a staircase to the Shoals.
 22333 | Lair:5   | Noticed Josephine
 22343 | Lair:5   | Killed Josephine
 22344 | Lair:5   | Reached skill level 20 in Axes
 22700 | Lair:5   | Identified the +4 ring mail "Paozov" {Regen+} (Okawaru
                  | gifted it to you on level 5 of the Lair of Beasts)
 22700 | Lair:5   | Received a gift from Okawaru
 22711 | Lair:5   | Reached XP level 15. HP: 109/143 MP: 14/14
 22951 | Lair:5   | Reached skill level 15 in Armour
 23753 | Lair:3   | Noticed Urug
 23767 | Lair:3   | Killed Urug
 24102 | Lair:3   | Found a hole to the Spider Nest.
 24123 | Lair:3   | Identified the +1 ring mail "Xebiezut" {Will++}
 24228 | Lair:3   | Identified the Handbook of Creative Beguiling
 24873 | D:13     | Found a gate to the Vaults.
 24923 | D:13     | Received a gift from Okawaru
 24939 | D:13     | Reached skill level 5 in Long Blades
 25334 | D:13     | Received a gift from Okawaru
 25335 | D:13     | Killed Azrael
 26386 | D:14     | Noticed Agnes
 26398 | D:14     | Killed Agnes
 26649 | D:15     | Entered Level 15 of the Dungeon
 26687 | D:15     | Found a shadowy altar of Dithmenos.
 26773 | D:15     | Upgraded the game from 0.27-a0-585-g945025970d to
                  | 0.27-a0-594-g2aaa8dbbc2
 26892 | D:15     | Found a runed translucent door.
 27055 | D:15     | Noticed Ovappudopn's ghost (journeyman MiFi)
 27065 | D:15     | Killed Ovappudopn's ghost
 27109 | D:15     | Found a staircase to the Depths.
 27438 | D:15     | Reached skill level 21 in Axes
 27558 | Depths:1 | Entered Level 1 of the Depths
 27574 | Depths:1 | Found a gateway to Hell.
 27594 | Depths:1 | Reached XP level 16. HP: 118/159 MP: 15/15
 27906 | Spider:1 | Entered Level 1 of the Spider Nest
 27912 | Spider:1 | Identified the +2 battleaxe "Nuubes" {drain, *Drain +Inv
                  | Str+3} (Okawaru gifted it to you on level 1 of the Spider
                  | Nest)
 27912 | Spider:1 | Received a gift from Okawaru
 28821 | Lair:3   | Received a gift from Okawaru
 29211 | Shoals:1 | Entered Level 1 of the Shoals
 29360 | Shoals:1 | Reached skill level 1 in Polearms
 30073 | Shoals:1 | Identified the +7 scimitar of Dissatisfaction {freeze,
                  | rPois rC++ Str+4 Int-4}
 30724 | Shoals:2 | Received a gift from Okawaru
 31362 | Shoals:2 | Identified the +6 ring mail of Resonance {rPois}
 31375 | Shoals:2 | Reached skill level 5 in Polearms
 31527 | Shoals:2 | Noticed Frances
 31536 | Shoals:2 | Killed Frances
 32176 | Shoals:3 | Identified the +1 pair of boots of Ennui {MP+9}
 32237 | Shoals:3 | Identified the +0 plate armour "Los Icuwk" {+Inv Will+
                  | Regen+ Dex+4} (Okawaru gifted it to you on level 3 of the
                  | Shoals)
 32237 | Shoals:3 | Received a gift from Okawaru
 32343 | Shoals:3 | Noticed Ilsuiw
 32418 | Lair:4   | Upgraded the game from 0.27-a0-594-g2aaa8dbbc2 to
                  | 0.27-a0-604-g29a88b33a7
 32537 | Slime:1  | Entered Level 1 of the Pits of Slime
 32668 | Slime:1  | Noticed an acid blob
 32679 | Slime:1  | Killed an acid blob
 33004 | Slime:2  | Gained mutation: You are dopey. (Int -2) [a shining eye]
 33011 | Slime:2  | Gained mutation: Armour fits poorly on your strangely
                  | shaped body. [a shining eye]
 33380 | Slime:2  | Gained mutation: Your magical capacity is low. (-10% MP) [a
                  | shining eye]
 33381 | Slime:2  | Gained mutation: You do not regenerate when monsters are
                  | visible. [a shining eye]
 33384 | Slime:2  | Gained mutation: You are very dopey. (Int -4) [a shining
                  | eye]
 33387 | Slime:2  | Gained mutation: Your magical capacity is very low. (-20%
                  | MP) [a shining eye]
 34012 | Elf:1    | Entered Level 1 of the Elven Halls
 34681 | Elf:1    | Reached XP level 17. HP: 165/172 MP: 13/13
 35351 | Elf:1    | Reached skill level 10 in Polearms
 35365 | Elf:1    | Identified the +5 executioner's axe of Desperation {holy,
                  | rC+ Dex+3} (Okawaru gifted it to you on level 1 of the
                  | Elven Halls)
 35365 | Elf:1    | Received a gift from Okawaru
 36182 | Elf:1    | You fall into a shaft and drop 1 floor!
 36853 | Elf:2    | Found a runed translucent gate.
 36853 | Elf:2    | Found a runed translucent gate.
 36853 | Elf:2    | Found a runed translucent gate.
 36874 | Elf:2    | Identified the +4 halberd of Abomination {antimagic, *Drain
                  | Dex+5} (Okawaru gifted it to you on level 2 of the Elven
                  | Halls)
 36874 | Elf:2    | Received a gift from Okawaru
 37084 | Elf:2    | HP: 4/173 [something/shard of ice (38)]
 37676 | Elf:2    | Found an ancient bone altar of Kikubaaqudgha.
 37694 | Elf:2    | Reached skill level 22 in Axes
 38046 | Elf:2    | Cast into level 3 of the Abyss (a deep elf demonologist)
 38380 | Abyss:3  | Noticed a bone dragon
 38392 | Abyss:3  | Killed a bone dragon
 38392 | Abyss:3  | Received a gift from Okawaru
 38447 | Elf:2    | Escaped the Abyss
 39247 | Elf:1    | Reached XP level 18. HP: 131/182 MP: 14/14
 40076 | Elf:3    | Entered Level 3 of the Elven Halls
 40984 | Elf:3    | Found Hyfudoatu's Assorted Antiques.
 41363 | Elf:3    | Found Boofoi's Jewellery Emporium.
 41539 | Elf:3    | Identified the +0 leather armour "Iwnaw" {Harm Regen+}
 41559 | Elf:3    | Reached skill level 23 in Axes
 41566 | Elf:3    | Noticed an Ice Fiend
 41993 | Elf:3    | Cast into level 3 of the Abyss (a deep elf sorcerer)
 41993 | Abyss:3  | Found a corrupted altar of Lugonu.
 42129 | Abyss:3  | Identified the +1 scale mail "Kiadoufi" {MP+9} (Okawaru
                  | gifted it to you on level 3 of the Abyss)
 42129 | Abyss:3  | Received a gift from Okawaru
 42196 | Abyss:3  | Noticed a hellephant
 42201 | Abyss:3  | Killed a hellephant
 42271 | Abyss:3  | Killed from afar by a wretched star

Illustrated notes

Levels and vault maps discovered:
D:1:      kennysheep_arrival_seaside, layout_rooms, supply_closet_lemuel
D:2:      layout_basic, trog_butcher_becter
D:3:      layout_loops_ring, st_stairs_4, nicolae_qazlal_style_of_elements
D:4:      layout_rooms, serial_shops, nicolae_shop_crystal, minmay_cut_off
D:5:      layout_loops_ring, minmay_temple_entry_mist, basic_altar,
          serial_shops, shop
D:6:      layout_gridville, ebering_ghost_disaster_area, minmay_mini_ossuary
D:7:      layout_loops_corners, serial_co_window_serial, co_window_paths_a,
          co_window_paths_b, co_window_paths_b, co_window_corner_a,
          co_window_paths_b, co_window_corner_a, co_window_corner_a,
          co_window_of_opportunity_c, co_window_paths_c, co_window_paths_c,
          co_window_broadway_b, co_window_sun, co_window_paths_d,
          glass_columns_a, glass_columns_a
D:8:      minmay_weird_star, layout_cave_pools, yredelemnul_altar_generic,
          uniq_erica, uniq_joseph, uniq_maggie
D:9:      layout_grid_maze, serial_glass, glass_columns_c, glass_columns_b,
          uniq_maurice
D:10:     layout_basic, lair_entry_dummy, uniq_psyche
D:11:     layout_stronghold, david_orc_2, serial_shops,
          nicolae_shop_overgrown_old_shop, minmay_circle_x, uniq_nergalle
D:12:     layout_rooms, minivault_24
D:13:     layout_small_grid, lightli_vaults_fourway_checkpoint, uniq_azrael
D:14:     layout_roguey, grunt_decor_fettered, st_stairs_12, uniq_agnes
D:15:     hangedman_depths_entry_civil_slaughter, layout_rooms,
          grunt_dithmenos_smoke, ebering_ghost_inner_flame
Temple:   kilobyte_greek_temple
Lair:1:   layout_roguey, minmay_lair_oklob_bushes, lemuel_fruit_fields
Lair:2:   layout_misc_corridors, gammafunk_ghost_necromancy, basic_altar,
          tgw_fedhas, infiniplex_staircase_pool, serial_bayou_shore_b
Lair:3:   layout_chaotic_city, nicolae_spider_entry_tight_spaces, uniq_urug
Lair:4:   layout_cave_pods, minmay_shoals_entry_centaurs
Lair:5:   layout_roguey [special_room_bee], slime_altar_1,
          gauntlet_entry_generic, grunt_megastairs_5, serial_bayou_shore_a,
          uniq_josephine, uniq_sonja
Lair:6:   guppyfry_lair_end_dragon, layout_cave_pods,
          hangedman_lair_tendril_chambers, serial_bayou_shore_b
Shoals:1: layout_shoals, nicolae_shoals_loop_pool
Shoals:2: layout_shoals, nicolae_shoals_mertower, uniq_frances
Shoals:3: layout_shoals, uniq_ilsuiw
Spider:1: layout_spider_delve, ebering_ghost_inner_flame, uniq_kirke
Slime:1:  layout_caves
Slime:2:  layout_caves, basic_altar
Slime:3:  layout_caves
Slime:4:  layout_caves, basic_altar
Orc:1:    layout_caves, portal_ice_cave_entry_imps, serial_shops, shop,
          minmay_orc_temple_c
Orc:2:    st_orc_town, layout_caves, basic_altar, serial_shops, shop, shop,
          shop, shop_statue, uniq_jorgrun
Elf:1:    elf_arrival_002, layout_loops_corners, hangedman_elf_represent,
          grunt_ministairs_8, small_statue_intersection,
          nicolae_elf_big_sculpture_3
Elf:2:    layout_geoelf_diagonals, basic_altar
Elf:3:    minmay_elf_hall_four_x, layout_geoelf_octagon, serial_shops,
          nicolae_shop_waterfront, minivault_26, minmay_shop_star
Depths:1: layout_gridlike, ebering_ghost_disaster_area, pan_entry,
          mu_enter_wizlab_5, kennysheep_flooded_box, pf_hell_entry_tar_river,
          serial_shops, shop, st_stairs_5, minmay_gold_behind_fungi,
          hangedman_decor_diamond_cutter
Abyss:3:  base: D:11, hangedman_abyss_exit_choices, evilmike_abyss_exit_14,
          grunt_abyss_rune_forest_and_sorcery, base: Vaults:2,
          hangedman_elemental_corridor, evilmike_abyss_rune_ettins, minivault_1,
          gammafunk_abyss_rune_reverse_zot

Skill      XL: |  1  2  3  4  5  6  7  8  9 10 11 12 13 14 15 16 17 18 |
---------------+-------------------------------------------------------+-----
Fighting       | 4 5 6 7 8 9 11 12 14 15 18 20 21 22 | 22.0
Shields        | 4 5 |  5.6
Axes           | 3 4 5 6 8 10 12 14 16 18 19 20 21 22 23 | 23.4
Armour         | 4 5 6 8 9 10 11 13 14 16 17 18 | 18.3
Dodging        | 1 2 3 4 |  4.7
Stealth        | 1 2 3 |  3.6
Invocations    | 1 2 |  2.0
Long Blades    | 2 4 5 |  5.2
Polearms       | 8 10 | 10.9
Throwing       | |  0.2
Evocations     | |  0.1

Action                   |  1- 3 |  4- 6 |  7- 9 | 10-12 | 13-15 | 16-18 || total
-------------------------+-------+-------+-------+-------+-------+-------++-------
Melee: War axe           |    95 |   129 |    87 |       |       |       ||   311
       Headbutt          |     9 |    19 |    47 |   149 |   282 |   272 ||   778
       Broad axe         |       |       |   129 |   277 |   905 |    76 ||  1387
       Battleaxe         |       |       |     1 |   376 |       |       ||   377
       Punch             |       |       |       |     2 |     1 |       ||     3
       Scimitar          |       |       |       |       |    44 |       ||    44
       Trident           |       |       |       |       |       |   489 ||   489
       Executioner's axe |       |       |       |       |       |   439 ||   439
Throw: Dart              |       |       |     2 |       |       |       ||     2
Invok: Heroism           |       |       |     1 |     4 |     2 |     5 ||    12
       Finesse           |       |       |       |       |       |     1 ||     1
Evoke: Wand              |       |       |       |     1 |       |       ||     1
  Use: Scroll            |       |       |       |    13 |     8 |     5 ||    26
       Potion            |       |       |       |     7 |     6 |     6 ||    19
 Stab: Invisible         |       |       |       |       |     4 |       ||     4
Armor: Scale mail        |    48 |       |       |       |       |       ||    48
       Chain mail        |     8 |    61 |    37 |       |       |       ||   106
       Plate armour      |       |       |    66 |   393 |   472 |   732 ||  1663
       Crystal plate arm |       |       |       |     8 |   177 |       ||   185
Dodge: Dodged            |    63 |    61 |    84 |   211 |   391 |   446 ||  1256
Block: Other             |     4 |    25 |    35 |     7 |       |       ||    71
       Rpst.: Scimitar   |       |       |       |       |     2 |       ||     2

Table legend: (Time is in decaauts)
 A = Elapsed time spent in this place.
 B = Non-inter-level travel time spent in this place.
 C = Inter-level travel time spent in this place.
 D = Time resting spent in this place.
 E = Time spent auto-exploring this place.
 F = Levels seen in this place.
 G = Mean time per level.
                   A        B        C        D        E       F      G
               +--------+--------+--------+--------+--------+-----+--------+
         Total |  42013 |  40047 |   1966 |  10555 |  22002 |  40 | 1050.3 |
       Dungeon |  14129 |  13227 |    902 |   1148 |   9251 |  15 |  941.9 |
        Temple |     87 |     52 |     35 |      0 |     40 |   1 |   87.0 |
          Lair |  11494 |  10740 |    754 |   3139 |   6159 |   6 | 1915.7 |
        Shoals |   3273 |   3163 |    110 |    768 |   1885 |   3 | 1091.0 |
   Spider Nest |     43 |     43 |      0 |      0 |      0 |   1 |   43.0 |
    Slime Pits |   1299 |   1209 |     90 |    227 |    864 |   4 |  324.8 |
  Orcish Mines |   2779 |   2724 |     55 |    933 |    913 |   2 | 1389.5 |
   Elven Halls |   7491 |   7473 |     18 |   3793 |   2745 |   3 | 2497.0 |
        Depths |     81 |     81 |      0 |      0 |      0 |   1 |   81.0 |
         Abyss |    655 |    655 |      0 |    192 |    144 |   2 |  327.5 |
      Ice Cave |    121 |    121 |      0 |     56 |      0 |   1 |  121.0 |
      Gauntlet |    557 |    557 |      0 |    299 |      0 |   1 |  557.0 |
               +--------+--------+--------+--------+--------+-----+--------+

Top non-repeatable levels by time:
   Elf:2: 2883 daAuts
  Lair:6: 2825 daAuts
   Elf:1: 2687 daAuts
  Lair:3: 2207 daAuts
  Lair:2: 1963 daAuts
   Elf:3: 1920 daAuts
  Lair:5: 1849 daAuts
   Orc:2: 1719 daAuts
     D:7: 1694 daAuts
Shoals:1: 1518 daAuts
  Lair:4: 1492 daAuts
Shoals:2: 1472 daAuts
    D:13: 1334 daAuts
     D:8: 1266 daAuts
     D:9: 1183 daAuts
